3L
MONTANA PANDAS @ HARTFORD WHALERS
09/12/2020
 
TOP OF THE 1ST
Montana Pandas batting - Pitching for Hartford Whalers : LHP Lorenzo Sánchez
Pitching: LHP Lorenzo Sánchez
Batting: RHB Julián Rocha 0-0: Foul Ball, location: 2F
0-1: Foul Ball, location: 2F
0-2: Foul Ball, location: 2F
0-2: Ball
1-2: Strikes out swinging
Batting: RHB Nathan Clay 0-0: Swinging Strike
0-1: Called Strike
0-2: Ball
1-2: Ball
2-2: Ball
3-2: Foul Ball, location: 2F
3-2: Foul Ball, location: 2F
3-2: Strikes out swinging
Batting: RHB Dan Hart 0-0: Ball
1-0: Ground out 4-3 (Groundball, 4M)
Top of the 1st over - 0 run(s), 0 hit(s), 0 error(s), 0 left on base; Montana 0 - Hartford 0
BOTTOM OF THE 1ST
Hartford Whalers batting - Pitching for Montana Pandas : LHP Jorge Román
Pitching: LHP Jorge Román
Batting: LHB Norm Ortega 0-0: Called Strike
0-1: Called Strike
0-2: Strikes out swinging
Batting: RHB Michael Collins 0-0: Fly out, F8 (Flyball, 8LXD)
Batting: LHB César Durán 0-0: Fly out, F6 (Popup, 6S)
Bottom of the 1st over - 0 run(s), 0 hit(s), 0 error(s), 0 left on base; Montana 0 - Hartford 0
TOP OF THE 2ND
Montana Pandas batting - Pitching for Hartford Whalers : LHP Lorenzo Sánchez
Batting: LHB Jarred Smith 0-0: Ball
1-0: Ball
2-0: Called Strike
2-1: Foul Ball, location: 2F
2-2: Strikes out swinging
Batting: RHB Alberto Ortíz 0-0: Ball
1-0: SINGLE (Line Drive, 8LS)
Batting: RHB Raykom Mikeladze 0-0: Foul Ball, location: 2F
0-1: Fly out, F9 (Flyball, 9D)
Batting: LHB Raúl Valentín 0-0: Called Strike
0-1: Ball
1-1: Swinging Strike
1-2: Fly out, F7 (Flyball, 7M)
Top of the 2nd over - 0 run(s), 1 hit(s), 0 error(s), 1 left on base; Montana 0 - Hartford 0
BOTTOM OF THE 2ND
Hartford Whalers batting - Pitching for Montana Pandas : LHP Jorge Román
Batting: RHB Nate Cates 0-0: Ground out U3 (Groundball, 3)
Batting: RHB Russell Jackson 0-0: SINGLE (Groundball, 56)
Batting: LHB José Marín 0-0: Swinging Strike
0-1: Ball
1-1: Called Strike
1-2: Ball
2-2: DOUBLE (Line Drive, 9M)
Russell Jackson to third
Runner from 3rd tries for Home, SAFE, throw made at trailing runner, SAFE at third!
Batting: LHB Gerald Holloway 0-0: Called Strike
0-1: Ground out 2-3 (Groundball, 23)
Batting: RHB Mike Brown 0-0: Foul Ball, location: 2F
0-1: Ball
1-1: Swinging Strike
1-2: Foul Ball, location: 2F
1-2: Ball
2-2: Fly out, F2 (Popup, 15S)
Bottom of the 2nd over - 1 run(s), 2 hit(s), 0 error(s), 1 left on base; Montana 0 - Hartford 1
TOP OF THE 3RD
Montana Pandas batting - Pitching for Hartford Whalers : LHP Lorenzo Sánchez
Batting: LHB Jorge Román 0-0: Called Strike
0-1: Ball
1-1: Swinging Strike
1-2: SINGLE (Groundball, 5D)
Batting: RHB Fernando Moreno 0-0: Ball
1-0: Called Strike
1-1: SINGLE (Line Drive, 4MD)
Jorge Román to second
Batting: RHB Julián Rocha 0-0: SINGLE (Flyball, 6MD)
Jorge Román to third
Fernando Moreno to second
Runner from 3rd tries for Home, SAFE, throw made home
Fernando Moreno to third
Julián Rocha to second
Batting: RHB Nathan Clay 0-0: Foul Ball, location: 2F
0-1: Ball
1-1: Foul Ball, location: 2F
1-2: Foul Ball, location: 2F
1-2: SINGLE (Groundball, 4MD)
Fernando Moreno scores
Julián Rocha to third
Runner from 3rd tries for Home, SAFE, no throw or cutoff
Batting: RHB Dan Hart 0-0: Swinging Strike
0-1: Ball
1-1: Grounds into double play, 4-6-3 (Groundball, 4)
Batting: LHB Jarred Smith 0-0: Called Strike
0-1: Swinging Strike
0-2: Ball
1-2: Strikes out swinging
Top of the 3rd over - 3 run(s), 4 hit(s), 0 error(s), 0 left on base; Montana 3 - Hartford 1
BOTTOM OF THE 3RD
Hartford Whalers batting - Pitching for Montana Pandas : LHP Jorge Román
Batting: LHB Lorenzo Sánchez 0-0: Swinging Strike
0-1: Foul Ball, location: 2F
0-2: Ball
1-2: SINGLE (Groundball, 6MD)
Batting: LHB Norm Ortega 0-0: Called Strike
0-1: Ball
1-1: Called Strike
1-2: Ball
2-2: Ball
3-2: Base on Balls
Lorenzo Sánchez to second
Batting: RHB Michael Collins 0-0: 3-RUN HOME RUN (Flyball, 7D), Distance : 381 ft
Batting: LHB César Durán 0-0: Ball
1-0: Foul Ball, location: 2F
1-1: Ground out 5-3 (Groundball, 5)
Batting: RHB Nate Cates 0-0: Ball
1-0: Foul Ball, location: 2F
1-1: Ball
2-1: Ball
3-1: Base on Balls
Batting: RHB Russell Jackson 0-0: Ball
1-0: Ball
2-0: Foul Ball, location: 2F
2-1: Foul Ball, location: 2F
2-2: Strikes out looking
Pitching: RHP Stephen Dowell
Batting: LHB José Marín 0-0: Called Strike
0-1: Foul Ball, location: 2F
0-2: Ground out 4-3 (Groundball, 4)
Bottom of the 3rd over - 3 run(s), 2 hit(s), 0 error(s), 1 left on base; Montana 3 - Hartford 4
TOP OF THE 4TH
Montana Pandas batting - Pitching for Hartford Whalers : LHP Lorenzo Sánchez
Batting: RHB Alberto Ortíz 0-0: DOUBLE (Line Drive, 7LS)
Batting: RHB Raykom Mikeladze 0-0: Ball
1-0: Swinging Strike
1-1: Ball
2-1: Foul Ball, location: 2F
2-2: Ground out 6-3 (Groundball, 6)
Batting: LHB Raúl Valentín 0-0: Fly out, F3 (Line Drive, 3)
Pinch Hitting: LHB Guy Riley 0-0: Ball
1-0: Ball
2-0: Ball
3-0: Called Strike
3-1: Fly out, F5 (Popup, 5SF)
Top of the 4th over - 0 run(s), 1 hit(s), 0 error(s), 1 left on base; Montana 3 - Hartford 4
BOTTOM OF THE 4TH
Hartford Whalers batting - Pitching for Montana Pandas : RHP Stephen Dowell
Pitching: LHP Ray Thibaut
Batting: LHB Gerald Holloway 0-0: Foul Ball, location: 2F
0-1: Foul Ball, location: 2F
0-2: Ball
1-2: Ball
2-2: Ball
3-2: Base on Balls
Batting: RHB Mike Brown 0-0: SINGLE (Line Drive, 56D)
Gerald Holloway to second
Batting: LHB Lorenzo Sánchez 0-0: Sac Bunt - play at first, batter OUT! 4-3
Gerald Holloway to third
Mike Brown to second
Batting: LHB Norm Ortega 0-0: Ball
1-0: Swinging Strike
1-1: Ball
2-1: Ground out 4-3 (Groundball, 34)
Gerald Holloway scores
Mike Brown to third
Batting: RHB Michael Collins 0-0: 2-RUN HOME RUN (Flyball, 7D), Distance : 396 ft
Batting: LHB César Durán 0-0: Swinging Strike
0-1: Swinging Strike
0-2: Ball
1-2: Strikes out swinging
Bottom of the 4th over - 3 run(s), 2 hit(s), 0 error(s), 0 left on base; Montana 3 - Hartford 7
TOP OF THE 5TH
Montana Pandas batting - Pitching for Hartford Whalers : LHP Lorenzo Sánchez
Batting: RHB Fernando Moreno 0-0: Fly out, F4 (Line Drive, 4)
Batting: RHB Julián Rocha 0-0: Foul Ball, location: 2F
0-1: Swinging Strike
0-2: Ground out 6-3 (Groundball, 6)
Batting: RHB Nathan Clay 0-0: Foul Ball, location: 2F
0-1: Ball
1-1: Ball
2-1: Called Strike
2-2: Ball
3-2: Base on Balls
Batting: RHB Dan Hart 0-0: Swinging Strike
0-1: Called Strike
0-2: Foul Ball, location: 2F
0-2: Ground out 4-3 (Groundball, 4)
Top of the 5th over - 0 run(s), 0 hit(s), 0 error(s), 1 left on base; Montana 3 - Hartford 7
BOTTOM OF THE 5TH
Hartford Whalers batting - Pitching for Montana Pandas : LHP Ray Thibaut
Pitching: RHP Anthony Hanover
Batting: RHB Nate Cates 0-0: Called Strike
0-1: Called Strike
0-2: Foul Ball, location: 2F
0-2: Ball
1-2: Foul Ball, location: 2F
1-2: Fly out, F8 (Flyball, 8RM)
Batting: RHB Russell Jackson 0-0: Called Strike
0-1: Ball
1-1: Fly out, F9 (Flyball, 9S)
Batting: LHB José Marín 0-0: Called Strike
0-1: Ball
1-1: Called Strike
1-2: Ball
2-2: Ball
3-2: Base on Balls
Batting: LHB Gerald Holloway 0-0: Ground out 4-3 (Groundball, 4)
Bottom of the 5th over - 0 run(s), 0 hit(s), 0 error(s), 1 left on base; Montana 3 - Hartford 7
TOP OF THE 6TH
Montana Pandas batting - Pitching for Hartford Whalers : LHP Lorenzo Sánchez
Batting: LHB Jarred Smith 0-0: Foul Ball, location: 2F
0-1: Ball
1-1: Fly out, F4 (Line Drive, 4)
Batting: RHB Alberto Ortíz 0-0: Fly out, F8 (Line Drive, 8RM)
Batting: RHB Raykom Mikeladze 0-0: Called Strike
0-1: Ball
1-1: Ground out 3-1 (Groundball, 3)
Top of the 6th over - 0 run(s), 0 hit(s), 0 error(s), 0 left on base; Montana 3 - Hartford 7
BOTTOM OF THE 6TH
Hartford Whalers batting - Pitching for Montana Pandas : RHP Anthony Hanover
Batting: RHB Mike Brown 0-0: Called Strike
0-1: Ball
1-1: Ball
2-1: Swinging Strike
2-2: Strikes out swinging
Batting: LHB Lorenzo Sánchez 0-0: Ball
1-0: Called Strike
1-1: Foul Ball, location: 2F
1-2: Strikes out swinging
Batting: LHB Norm Ortega 0-0: Called Strike
0-1: Ground out 4-3 (Groundball, 4)
Bottom of the 6th over - 0 run(s), 0 hit(s), 0 error(s), 0 left on base; Montana 3 - Hartford 7
TOP OF THE 7TH
Montana Pandas batting - Pitching for Hartford Whalers : LHP Lorenzo Sánchez
Batting: LHB Raúl Valentín 0-0: Called Strike
0-1: Foul Ball, location: 2F
0-2: Ball
1-2: Foul Ball, location: 2F
1-2: Ball
2-2: Foul Ball, location: 2F
2-2: SINGLE (Line Drive, 34)
Pinch Hitting: RHB Henry Potts 0-0: Ball
1-0: Ball
2-0: Ball
3-0: Called Strike
3-1: Foul Ball, location: 2F
3-2: Fly out, F9 (Flyball, 9LM)
Batting: RHB Fernando Moreno 0-0: Ball
1-0: SINGLE (Groundball, 56)
Raúl Valentín to second
Batting: RHB Julián Rocha 0-0: Called Strike
0-1: Swinging Strike
0-2: Ball
1-2: Ball
2-2: Strikes out swinging
Batting: RHB Nathan Clay 0-0: Foul Ball, location: 2F
0-1: Ball
1-1: Foul Ball, location: 2F
1-2: Ball
2-2: Ball
3-2: Fly out, F7 (Line Drive, 7M)
Top of the 7th over - 0 run(s), 2 hit(s), 0 error(s), 2 left on base; Montana 3 - Hartford 7
BOTTOM OF THE 7TH
Hartford Whalers batting - Pitching for Montana Pandas : RHP Anthony Hanover
Pitching: LHP Jesús Cantú
Batting: RHB Michael Collins 0-0: Ball
1-0: Ball
2-0: Ball
3-0: Base on Balls
Batting: LHB César Durán 0-0: Swinging Strike
0-1: Called Strike
0-2: Ball
1-2: Foul Ball, location: 2F
1-2: Strikes out swinging
Batting: RHB Nate Cates 0-0: Ball
1-0: Called Strike
1-1: Ball
2-1: Swinging Strike
2-2: Strikes out swinging
Batting: RHB Russell Jackson 0-0: Ball
1-0: SINGLE (Flyball, 8RS)
Michael Collins to second
Runner from 2nd tries for 3rd, SAFE, throw made to third
Russell Jackson to second
Batting: LHB José Marín 0-0: Ball
1-0: Foul Ball, location: 2F
1-1: Ball
2-1: Ball
3-1: Base on Balls
Batting: LHB Gerald Holloway 0-0: Foul Ball, location: 2F
0-1: Ball
1-1: Called Strike
1-2: Ball
2-2: Fly out, F7 (Flyball, 7S)
Bottom of the 7th over - 0 run(s), 1 hit(s), 0 error(s), 3 left on base; Montana 3 - Hartford 7
TOP OF THE 8TH
Montana Pandas batting - Pitching for Hartford Whalers : LHP Lorenzo Sánchez
Batting: RHB Dan Hart 0-0: Ball
1-0: Fly out, F7 (Flyball, 78M)
Batting: LHB Jarred Smith 0-0: Ball
1-0: Foul Ball, location: 2F
1-1: Ball
2-1: Foul Ball, location: 2F
2-2: Ball
3-2: Base on Balls
Batting: RHB Alberto Ortíz 0-0: Ball
1-0: Ball
2-0: Foul Ball, location: 2F
2-1: Swinging Strike
2-2: Strikes out looking
Batting: RHB Raykom Mikeladze 0-0: Ball
1-0: Swinging Strike
1-1: Ball
2-1: Ball
3-1: Foul Ball, location: 2F
3-2: Strikes out swinging
Top of the 8th over - 0 run(s), 0 hit(s), 0 error(s), 1 left on base; Montana 3 - Hartford 7
BOTTOM OF THE 8TH
Hartford Whalers batting - Pitching for Montana Pandas : LHP Jesús Cantú
Batting: RHB Mike Brown 0-0: Ball
1-0: Ball
2-0: Ball
3-0: Called Strike
3-1: Base on Balls
Pinch Hitting: RHB Javier Díaz 0-0: Bunted foul
0-1: Bunted foul
0-2: SINGLE (Line Drive, 56D)
Mike Brown to second
Batting: LHB Norm Ortega 0-0: Swinging Strike
0-1: Sac Bunt - play at third, runner OUT! 1-5
Javier Díaz to second
Batting: RHB Michael Collins 0-0: Ball
1-0: Ball
2-0: Called Strike
2-1: Ball
3-1: Base on Balls
Javier Díaz to third
Norm Ortega to second
Pitching: LHP Jeffery Howell
Batting: LHB César Durán 0-0: Called Strike
0-1: Called Strike
0-2: Fly out, F5 (Popup, 5F)
Batting: RHB Nate Cates 0-0: Foul Ball, location: 2F
0-1: Ball
1-1: Ball
2-1: Foul Ball, location: 2F
2-2: Ball
3-2: Foul Ball, location: 2F
3-2: Foul Ball, location: 2F
3-2: Foul Ball, location: 2F
3-2: Fly out, F9 (Flyball, 89S)
Bottom of the 8th over - 0 run(s), 1 hit(s), 0 error(s), 3 left on base; Montana 3 - Hartford 7
TOP OF THE 9TH
Montana Pandas batting - Pitching for Hartford Whalers : LHP Lorenzo Sánchez
Pitching: LHP Francisco Chávez
Batting: LHB Raúl Valentín 0-0: Called Strike
0-1: Ball
1-1: Ball
2-1: Swinging Strike
2-2: Foul Ball, location: 2F
2-2: Strikes out swinging
Pinch Hitting: SHB Bill Becker 0-0: Swinging Strike
0-1: Called Strike
0-2: Foul Ball, location: 2F
0-2: Ball
1-2: Foul Ball, location: 2F
1-2: Foul Ball, location: 2F
1-2: Fly out, F6 (Popup, 4M)
Batting: RHB Fernando Moreno 0-0: Ball
1-0: Ball
2-0: SINGLE (Line Drive, 9S)
Batting: RHB Julián Rocha 0-0: Called Strike
0-1: Ball
1-1: Fielders Choice at 2nd, 6-4 (Groundball, 6)
Top of the 9th over - 0 run(s), 1 hit(s), 0 error(s), 0 left on base; Montana 3 - Hartford 7
This league is powered by Out of the Park Baseball, the baseball management simulation game for PC, Mac and Linux
Friday, October 23rd, 2015 - OOTP Baseball 16.9 Build 39